 Dungeon Crawl Stone Soup version 0.25.0-26-g0c896c7088 (webtiles) character file.

Game seed: 2007341853127375323

793734 Lavandula the Warrior (level 27, -9/223 HPs)
             Began as a Hill Orc Air Elementalist on June 26, 2020.
             Was a High Priest of Hepliaklqana.
             Killed from afar by a hellion (21 damage)
             ... with damnation
             ... on level 2 of Tartarus on July 1, 2020.
             The game lasted 10:18:21 (62096 turns).

Lavandula the Warrior (Hill Orc Air Elementalist)  Turns: 62096, Time: 10:18:22

Health: -9/223     AC: 14    Str: 12    XL:     27
Magic:  41/47      EV: 17    Int: 24    God:    Hepliaklqana [*****.]
Gold:   5886       SH:  0    Dex:  9    Spells: 2/66 levels left

rFire    + + .     SeeInvis .   z - staff of energy
rCold    + + .     Gourm    .   W - +1 buckler {rC+ rF+}
rNeg     + + .     Faith    .   H - +2 troll leather armour
rPois    +         Spirit   .   G - +1 helmet
rElec    +         Reflect  .   b - scarf {rC+ rF+}
rCorr    +         Harm     .   J - +1 pair of gloves of Nihilism {rElec rPois Dex-4}
MR       +++..                  P - +2 pair of boots
Stlth    +++.......             l - amulet "Weeplus" {Acrobat MR+ Dex+2}
HPRegen  0.87/turn              g - ring of Halainoh {rN+ Stlth+}
MPRegen  0.30/turn              M - ring "Wucen" {rN+ rCorr Str-5 Stlth+}

@: confused, very slightly contaminated, lightly drained
A: reduced essence, hooves 1, strong 1, MP-powered wands
}: 10/15 runes: decaying, serpentine, slimy, silver, obsidian, demonic, glowing,
magical, fiery, dark
a: Recall Ancestor, Ancestor Identity, Transference, Idealise, Renounce Religion


You were on level 2 of Tartarus.
You worshipped Hepliaklqana.
Hepliaklqana was extremely pleased with you.
You were not hungry.

You visited 12 branches of the dungeon, and saw 59 of its levels.
You visited Pandemonium 2 times, and saw 27 of its levels.
You visited the Abyss 2 times.
You also visited: Ice Cave.

You collected 9882 gold pieces.
You spent 3996 gold pieces at shops.

Inventory:

Hand Weapons
 d - a +7 vampiric demon trident
 B - the +12 Vampire's Tooth {vamp}
   (You took it off a spriggan berserker on level 3 of the Depths)

   It inflicts no extra harm, but heals its wielder when it wounds a living foe.
Missiles
 i - 7 throwing nets (quivered)
Armour
 b - a scarf of resistance (worn)
 G - a +1 helmet (worn)
 H - a +2 troll leather armour (worn)
 J - the +1 pair of gloves of Nihilism (worn) {rElec rPois Dex-4}
   (You found it on level 5 of the Vaults)

   It affects your dexterity (-4).
   It insulates you from electricity.
   It protects you from poison.
 P - a +2 pair of boots (worn)
 V - the +3 salamander hide armour {+Rage rF++}
   (You found it on level 5 of the Pits of Slime)

   It greatly protects you from fire.
   It lets you go berserk.
 W - a +1 buckler of resistance (worn)
Magical Staves
 z - an uncursed staff of energy (weapon)
Jewellery
 g - the ring of Halainoh (left hand) {rN+ Stlth+}
   (You found it on level 5 of the Depths)

   [ring of positive energy]

   It protects you from negative energy.
   It makes you more stealthy.
 l - the amulet "Weeplus" (around neck) {Acrobat MR+ Dex+2}
   (You took it off a spriggan berserker on level 3 of the Depths)

   [amulet of the acrobat]

   It helps you evade while moving and waiting.
   It affects your dexterity (+2).
   It affects your resistance to hostile enchantments.
 v - an uncursed ring of protection from cold
 F - an uncursed ring of protection from fire
 K - an uncursed ring of wizardry
 M - the ring "Wucen" (right hand) {rN+ rCorr Str-5 Stlth+}
   (You took it off a balrug in Pandemonium)

   [ring of resist corrosion]

   It affects your strength (-5).
   It protects you from negative energy.
   It provides partial protection from all sources of acid and corrosion.
   It makes you more stealthy.
 R - the ring "Cisath" {MR+++ Str-5 Int+5 Dex-5 Stlth+}
   (You found it on level 5 of the Pits of Slime)

   [ring of stealth]

   It affects your strength (-5).
   It affects your intelligence (+5).
   It affects your dexterity (-5).
   It affects your resistance to hostile enchantments.
   It makes you more stealthy.
 T - the ring "Fialih" {rElec rPois MP+9 Str-4 Dex+4}
   (You took it off a deep elf sorcerer on level 3 of the Elven Halls)

   [ring of magical power]

   It affects your strength (-4).
   It affects your dexterity (+4).
   It insulates you from electricity.
   It protects you from poison.
   It affects your magic capacity (+9).
Wands
 f - a wand of iceblast (32)
 n - a wand of clouds (3)
 q - a wand of acid (28)
 C - a wand of digging (4)
 Z - a wand of paralysis (22)
Scrolls
 a - 2 scrolls of blinking
 j - 4 scrolls of fear
 r - 3 scrolls of fog
 t - 22 scrolls of remove curse
 w - 3 scrolls of teleportation
 x - a scroll of holy word
 y - 9 scrolls of amnesia
 O - 3 scrolls of magic mapping
 Q - 8 scrolls of identify
 Y - 4 scrolls of immolation
Potions
 e - a potion of heal wounds
 h - 3 potions of cancellation
 m - 7 potions of brilliance
 o - 9 potions of curing
 p - 5 potions of stabbing
 s - a potion of ambrosia
 u - 4 potions of resistance
 A - a potion of invisibility
 D - 7 potions of might
 E - a potion of flight
 N - 3 potions of haste
 S - 4 potions of mutation
 X - 7 potions of magic
Miscellaneous
 k - 4 boxes of beasts
 I - a tin of tremorstones (3/3)
 L - the horn of Geryon
 U - 3 phantom mirrors
Comestibles
 c - 33 rations


   Skills:
 - Level 20.4(20.2) Fighting
 - Level 10.0(9.8) Short Blades
   Level 4.0(3.8) Maces & Flails
 - Level 14.0(13.8) Polearms
 - Level 6.4(6.2) Armour
 - Level 12.4(12.3) Dodging
 - Level 9.0(8.9) Stealth
 - Level 4.0(3.8) Shields
 - Level 20.0(19.9) Spellcasting
 - Level 11.4(11.2) Conjurations
 - Level 5.0(4.8) Charms
 - Level 18.4(18.2) Summonings
 + Level 5.4(5.2) Necromancy
 - Level 6.2(6.1) Translocations
 - Level 9.1(8.9) Ice Magic
 - Level 9.0(8.8) Air Magic
 - Level 11.9(11.8) Invocations
 - Level 9.8(9.7) Evocations


You had 2 spell levels left.
You knew the following spells:

 Your Spells              Type           Power        Failure   Level  Hunger
a - Shock                 Conj/Air       ####         1%          1    None
b - Airstrike             Air            ######....   1%          4    None
c - Summon Lightning Spi  Summ/Air       ######..     1%          4    None
d - Infestation           Necr           #####.....   100%        8    None
e - Blink                 Tloc           N/A          1%          2    None
f - Shroud of Golubria    Chrm/Tloc      ######       1%          2    None
g - Apportation           Tloc           ######       1%          1    None
h - Ozocubu's Armour      Chrm/Ice       ######..     1%          3    None
i - Passage of Golubria   Tloc           N/A          1%          4    None
j - Shadow Creatures      Summ           N/A          1%          6    None
k - Summon Butterflies    Summ           #######.     0%          1    None
l - Iron Shot             Conj/Erth      ######....   36%         6    None
m - Spellforged Servitor  Conj/Summ      #######...   4%          7    None
n - Malign Gateway        Summ/Tloc      ######....   14%         7    None
o - Summon Horrible Thin  Summ           #######...   9%          8    None

Your spell library contained the following spells:

 Spells                   Type           Power        Failure   Level  Hunger
 Summon Small Mammal      Summ           ####         0%          1    None
 Call Imp                 Summ           #######.     0%          2    None
 Animate Skeleton         Necr           N/A          1%          1    None
 Foxfire                  Conj/Fire      ####         1%          1    None
 Freeze                   Ice            ####         1%          1    None
 Infusion                 Chrm           ####         1%          1    None
 Magic Dart               Conj           ####         1%          1    None
 Pain                     Necr           ####         1%          1    None
 Corpse Rot               Necr/Air       N/A          1%          2    None
 Ensorcelled Hibernation  Hex/Ice        #####.       1%          2    None
 Poisonous Vapours        Pois/Air       #####.       1%          2    None
 Searing Ray              Conj           ######       1%          2    None
 Song of Slaying          Chrm           #####...     1%          2    None
 Sublimation of Blood     Necr           #####.....   1%          2    None
 Swiftness                Chrm/Air       ######..     1%          2    None
 Corona                   Hex            ###....      2%          1    None
 Sandblast                Erth           ###...       2%          1    None
 Sting                    Tmut/Pois      ###.         2%          1    None
 Passwall                 Tmut/Erth      ###.....     3%          2    None
 Slow                     Hex            ###.....     3%          2    None
 Call Canine Familiar     Summ           #######.     0%          3    None
 Conjure Flame            Conj/Fire      ######..     1%          3    None
 Dazzling Flash           Conj/Hex       ######       1%          3    None
 Frozen Ramparts          Ice            ######       1%          3    None
 Gell's Gravitas          Tloc           ######....   1%          3    None
 Lesser Beckoning         Tloc           ######....   1%          3    None
 Mephitic Cloud           Conj/Pois/Air  ######..     1%          3    None
 Portal Projectile        Hex/Tloc       #####.       1%          3    None
 Recall                   Summ/Tloc      N/A          1%          3    None
 Static Discharge         Conj/Air       ######..     1%          3    None
 Stone Arrow              Conj/Erth      ######       1%          3    None
 Summon Guardian Golem    Hex/Summ       ######..     1%          3    None
 Teleport Other           Tloc           ######..     1%          3    None
 Vampiric Draining        Necr           #####.....   1%          3    None
 Hailstorm                Conj/Ice       ######..     1%          4    None
 Iskenderun's Mystic Bla  Conj/Tloc      ######..     1%          4    None
 Summon Ice Beast         Ice/Summ       ######..     1%          4    None
 Aura of Abjuration       Summ           #######...   1%          5    None
 Lightning Bolt           Conj/Air       ######....   1%          5    None
 Summon Demon             Summ           #######...   1%          5    None
 Summon Forest            Summ/Tloc      ######....   1%          5    None
 Summon Mana Viper        Hex/Summ       ######..     1%          5    None
 Monstrous Menagerie      Summ           #######...   1%          7    None
 Summon Greater Demon     Summ           #######...   1%          7    None
 Summon Hydra             Summ           #######...   1%          7    None
 Spectral Weapon          Hex/Chrm       #####...     2%          3    None
 Animate Dead             Necr           N/A          2%          4    None
 Dispel Undead            Necr           #####...     2%          4    None
 Fulminant Prism          Conj/Hex       ######....   2%          4    None
 Sticky Flame             Conj/Fire      ######..     2%          4    None
 Iskenderun's Battlesphe  Conj/Chrm      ######..     2%          5    None
 Fireball                 Conj/Fire      ######....   7%          5    None
 Irradiate                Conj/Tmut      ######....   7%          5    None
 Confusing Touch          Hex            ###.....     8%          3    None
 Ignite Poison            Fire/Tmut/Pois ###.....     8%          3    None
 Inner Flame              Hex/Fire       ###.....     8%          3    None
 Tukima's Dance           Hex            ###.....     8%          3    None
 Agony                    Necr           #####...     8%          5    None
 Excruciating Wounds      Chrm/Necr      #####.....   9%          5    None
 Metabolic Englaciation   Hex/Ice        #####.....   11%         5    None
 Silence                  Hex/Air        #####.....   11%         5    None
 Bolt of Magma            Conj/Fire/Erth #####.....   14%         5    None
 Haunt                    Necr/Summ      ######....   16%         7    None
 Simulacrum               Ice/Necr       ######....   21%         6    None
 Orb of Destruction       Conj           ######....   21%         7    None
 Borgnjor's Vile Clutch   Necr/Erth      #####.....   22%         5    None
 Cause Fear               Hex            ###.......   24%         4    None
 Leda's Liquefaction      Hex/Erth       ###.......   24%         4    None
 Olgreb's Toxic Radiance  Pois           ###.....     24%         4    None
 Petrify                  Tmut/Erth      ###.....     24%         4    None
 Dispersal                Tloc           ######....   30%         6    None
 Starburst                Conj/Fire      ######....   36%         6    None
 Alistair's Intoxication  Tmut/Pois      ###.....     56%         5    None
 Lee's Rapid Deconstruct  Erth           ###.......   56%         5    None
 Yara's Violent Unravell  Hex/Tmut       ###.......   56%         5    None
 Dragon's Call            Summ           #######...   80%         9    None
 Darkness                 Hex            ###.......   98%         6    None
 Eringya's Noxious Bog    Tmut/Pois      ###.......   98%         6    None
 Hydra Form               Tmut           ###.......   98%         6    None
 Invisibility             Hex            ###.....     98%         6    None
 Dragon Form              Tmut           ###.......   100%        7    None
 Ring of Flames           Chrm/Fire      #####.....   100%        7    None
 Borgnjor's Revivificati  Necr           #####.....   100%        8    None
 Controlled Blink         Tloc           N/A          100%        8    None
 Death's Door             Chrm/Necr      #####.....   100%        8    None
 Discord                  Hex            ###.......   100%        8    None
 Disjunction              Tloc           ######....   100%        8    None
 Ignition                 Fire           ###.......   100%        8    None
 Necromutation            Tmut/Necr      #####.....   100%        8    None


Dungeon Overview and Level Annotations

Branches:
Dungeon (15/15)            Temple (0/1) D:4            Lair (6/6) D:9
  Swamp (4/4) Lair:3        Snake (4/4) Lair:4        Slime (5/5) Lair:5
    Orc (2/2) D:9             Elf (3/3) Orc:2        Vaults (5/5) D:13
 Depths (5/5) D:15           Hell (visited)             Geh (7/7) Hell
    Tar (2/7) Hell            Zot (0/5) Depths:5      IceCv (visited)
  Crypt: Vaults:2-3     Dis: Hell:1         Coc: Hell:1

Altars:
Cheibriados
Dithmenos
Hepliaklqana
Makhleb
Uskayaw
Vehumet
Xom
Beogh
Jiyva

Shops:
Orc:1 !   Orc:2 (:*(   Elf:2 [   Snake:2 %}!%   Vaults:3 [   Depths:1 [

Portals:
Hell: Depths:1 Depths:2 Depths:3 Depths:4 Depths:5
Abyss: Depths:1 Depths:2 Depths:3 Depths:4
Pandemonium: Depths:3 Depths:4
Ziggurat: Depths:4

Annotations:
D:7 Duvessa
D:12 Jorgrun
Lair:3 exclusion: 4 oklob plants
Swamp:2 3 runed translucent doors, krystol's ghost, adept GnAr
Snake:3 Agnes; Mara
Slime:5 exclusion: upstairs
Vaults:5 exclusion: deep elf elementalist
Depths:4 exclusions: eye of devastation, shining eye and 1 more exclusion
Geh:7 exclusion: Brimstone Fiend
Abyss:1 Asmodeus


Innate Abilities, Weirdness & Mutations

Your life essence is reduced to manifest your ancestor. (-10% HP)
You have large cloven feet.
Your muscles are strong. (Str +2)
You expend magic power (3 MP) to strengthen your wands.


Message History

The hellion gestures at you.
The sphere of damnation explodes!
The damnation engulfs you!
* * * LOW HITPOINT WARNING * * *
The damnation engulfs the ufetubus!!
The ufetubus dies!
The damnation engulfs the ufetubus!!
The ufetubus dies!
The damnation engulfs your eldritch tentacle!!
You hear a roar!
You feel much better.
Something hits Kheti but does no damage.
Something hits Kheti.
The phantasmal warrior hits Kheti!!
Your eldritch tentacle barely misses the skeletal warrior.
Your eldritch tentacle claws the skeletal warrior.
Space warps horribly around the skeletal warrior!
The skeletal warrior hits you from afar with a +0 trident!!
* * * LOW HITPOINT WARNING * * *
The hellion gestures at you.
The sphere of damnation explodes!
The damnation engulfs you!!
You die...

#z4zzhW#..# #....#
#42z32.#..# #.##.#
##.32#....# #. #.#
#42XX#2...# #. #.#
#R..##.2..# #. #.#
#.W3###z..# #.#
#.22###zz.# #.# #
#..#2##wz.# #. #.## .#
#..##.@.*.# #.##..# ..#
#W.###....###..#..##..#
...# #.....##..##.....#
#...#
#.....##..##.....#
....#
#..#..##..##......
.....
#...#.##.....###..
#..#.#.##.h..## #.
#.##.#..#X.2.# W #.
#z.#.##.#


You could see the friendly Kheti the battlemage (vulnerable), a reaper
(summoned), 4 skeletal warriors, a shadow demon, a phantasmal warrior, a
hellion, a tormentor and a friendly eldritch tentacle.

Vanquished Creatures
  the Royal Jelly (Slime:5)
  A shard shrike (shapeshifter) (Vaults:5)
  A deep elf master archer (Elf:3)
  A lich (Depths:5)
  A titan (Vaults:5)
  An Executioner (Pan)
  A tentacled starspawn (Abyss:3)
  2 tengu reavers
  A storm dragon (Depths:5)
  A shadow dragon (Vaults:5)
  2 nagarajas
  6 azure jellies (Slime:5)
  4 frost giants
  A deep elf sorcerer (Vaults:2)
  A balrug (Pan)
  5 vault wardens
  3 deep elf elementalists
  A draconian annihilator (Depths:5)
  7 ironheart preservers
  A vampire knight (Depths:3)
  3 stone giants
  6 very ugly things
  A juggernaut skeleton (Depths:1)
  2 deep elf demonologists
  3 deep elf annihilators
  A lorocyproca (Pan)
  3 blizzard demons
  3 death oozes (Slime:5)
  7 fire dragons
  Josephine (D:11)
  5 ettins
  33 slime creatures
  9 yaktaur captains
  5 great orbs of eyes
  4 ice dragons
  A rakshasa (Vaults:1)
  2 naga warriors (Snake:4)
  11 hydras
  A death knight (Vaults:1)
  2 ghost crabs (Swamp:4)
  9 vault guards
  A catoblepas (D:13)
  14 two-headed ogres
  4 alligators (Swamp:2)
  3 centaur warriors
  2 ogre magi
  8 dancing weapons
  2 hell hogs (Depths:3)
  A deep troll shaman (Depths:5)
  3 vampire magi
  An orc high priest (Orc:2)
  3 tengu warriors
  A hell knight (Vaults:5)
  A spriggan berserker (Depths:3)
  3 naga sharpshooters
  2 shock serpents (Snake:2)
  4 deep elf knights
  A sun demon (Geh:7)
  A fire crab (Abyss:3)
  2 skeletal warriors
  A soul eater (Depths:1)
  A wretched star (Abyss:2)
  A spatial maelstrom (Abyss:3)
  3 sixfirhies
  An unseen horror (Vaults:1)
  3 shadow wraiths
  A naga ritualist (Snake:1)
  A shadow demon (Pan)
  A cherub (Pan)
  3 spectral hydras (Swamp:4)
  3 deep elf archers
  3 glowing orange brains
  3 flayed ghosts
  2 harpies (Elf:1)
  A torturous demonspawn (Pan)
  2 phantasmal warriors (Swamp:4)
  5 orc knights
  Pikel (D:6)
  4 necromancers
  3 ironbrand convokers
  2 deep trolls
  2 wolf spiders
  13 ugly things
  A tengu skeleton (Depths:1)
  2 salamanders (Snake:2)
  A mana viper (Snake:2)
  5 manticores
  25 deep elf magi
  A frost giant zombie (Abyss:3)
  2 shining eyes
  A cyclops (D:14)
  A centaur zombie (D:11)
  7 elephants
  6 naga magi
  3 torpor snails (Lair:5)
  A guardian serpent (D:13)
  Maurice (D:11)
  16 black mambas
  2 molten gargoyles (Lair:6)
  A vault sentinel (Vaults:1)
  7 smoke demons
  2 eyes of devastation
  A spectral swamp worm (Depths:4)
  2 centaur skeletons
  5 spiny frogs
  6 gargoyles
  12 hellions
  A swamp worm zombie (Swamp:4)
  An efreet (Geh:7)
  5 komodo dragons
  16 yaktaurs
  A hydra zombie (Swamp:4)
  5 freezing wraiths
  A hellwing (Depths:1)
  2 ancient zymes
  2 red devils
  A tengu conjurer (D:14)
  A queen bee (shapeshifter) (Vaults:4)
  A meliai (shapeshifter) (Vaults:2)
  Prince Ribbit (D:5)
  A wind drake (shapeshifter) (Vaults:1)
  A tyrant leech (Swamp:2)
  6 hornets
  3 raiju (Abyss:3)
  A spriggan zombie (Depths:1)
  8 hippogriffs
  3 alligator zombies (Swamp:4)
  2 bog bodies (Swamp:4)
  A spriggan (Swamp:3)
  7 wraiths
  A ynoxinul (Depths:4)
  A shadow (Abyss:2)
  15 yaks
  A yak (shapeshifter) (Vaults:2)
  3 hungry ghosts
  5 golden eyes (Slime:5)
  A steam dragon (Lair:6)
  7 vampire mosquitoes (D:15)
  5 nagas
  2 swamp worms
  3 wargs
  2 acid dragons (Vaults:1)
  4 insubstantial wisps
  Menkaure (D:7)
  3 porcupines
  4 water moccasins
  5 floating eyes
  2 swamp drakes (Swamp:4)
  5 hell hounds
  3 nameless horrors
  6 eyes of draining
  2 black bears
  2 ice beasts
  19 orc warriors
  7 phantoms
  A sky beast (D:13)
  A small abomination (Abyss:3)
  10 boggarts
  A necrophage (D:11)
  10 ogres
  9 centaurs
  3 wolves
  6 crocodiles
  A human skeleton (Vaults:1)
  2 big kobolds
  6 bullfrogs
  2 gnoll sergeants
  An earth elemental (Elf:3)
  A wyvern skeleton (D:14)
  3 scorpions
  3 killer bees (D:9)
  A wight (D:12)
  3 jellies
  4 electric eels
  2 howler monkeys
  7 crimson imps
  3 starcursed masses
  A lava snake (Lair:6)
  2 quasits
  3 hounds
  10 orc priests
  13 orc wizards
  3 iguanas
  5 worker ants
  A mummy (D:12)
  4 adders
  3 battlemagi
  13 gnolls
  2 shadow imps
  An adder skeleton (D:9)
  3 worms
  2 leopard geckos
  44 orcs
  2 ball pythons
  5 bats
  2 giant cockroaches
  3 hobgoblins (D:2)
  10 jackals
  16 kobolds
  A quokka (D:10)
  8 goblins
  A leopard gecko skeleton (D:4)
  2 rats
  A fire vortex (Geh:7)
  2 lurking horrors (Abyss:3)
805 creatures vanquished.

Vanquished Creatures (collateral kills)
  2 pandemonium lords (Pan)
  A seraph (Pan)
  Mnoleg (Pan)
  2 ancient liches (Vaults:5)
  2 juggernauts
  Boris (Vaults:5)
  Saint Roka (Depths:5)
  Jory (Vaults:5)
  4 golden dragons
  Geryon (Hell)
  the Enchantress (Depths:4)
  A pearl dragon (Pan)
  A doom hound (Tar:2)
  4 Tzitzimimeh
  The ghost of Enish the Severer, an adept DDFi of Makhleb (Depths:3)
  16 Brimstone Fiends
  Rupert (D:15)
  A hellephant (Pan)
  11 tentacled monstrosities
  A Hell Sentinel (Pan)
  6 liches
  4 titans
  2 deep elf blademasters (Elf:3)
  A quicksilver dragon (Vaults:5)
  15 acid blobs
  Murray (Depths:3)
  A deep elf master archer (Elf:3)
  6 eldritch tentacles
  17 Executioners (Pan)
  3 sphinxes
  2 ancient champions (Hell)
  4 shadow dragons
  5 tengu reavers
  A thorn hunter (Swamp:4)
  2 nagarajas (Snake:4)
  A draconian knight (Depths:5)
  A revenant (Hell)
  10 azure jellies
  15 fire giants
  3 corrupters (Pan)
  9 frost giants
  9 vault wardens
  13 deep elf sorcerers
  30 balrugs
  2 orc warlords
  10 cacodemons (Pan)
  4 warmongers (Pan)
  2 deep elf elementalists
  8 angels (Pan)
  18 reapers
  Louise (Depths:1)
  2 curse skulls (Pan)
  A ghoul (Depths:5)
  4 draconian annihilators
  4 spriggan defenders
  11 stone giants
  12 ironheart preservers
  8 ophanim (Pan)
  8 blood saints (Pan)
  A juggernaut skeleton (Depths:1)
  13 very ugly things
  4 deep elf demonologists
  2 entropy weavers (Vaults:5)
  A caustic shrike skeleton (Depths:1)
  12 lorocyprocas (Pan)
  4 vampire knights
  5 black suns (Pan)
  13 deep elf annihilators
  9 apis (Pan)
  Snorg (Orc:1)
  9 fire dragons
  9 green deaths (Pan)
  A merfolk javelineer (Depths:3)
  7 death oozes
  9 ettins
  9 blizzard demons
  6 deep elf high priests
  5 jiangshi
  4 great orbs of eyes
  3 deep elf death magi
  A merfolk impaler (Depths:1)
  3 quicksilver dragon zombies
  15 ogre magi
  A hydra (shapeshifter) (Depths:3)
  9 ice dragons
  11 yaktaur captains
  10 naga warriors
  26 vault guards
  Harold (D:9)
  A spriggan air mage (Depths:4)
  2 hell beasts (Pan)
  5 hydras
  2 anacondas
  A monstrous demonspawn (Pan)
  3 quicksilver dragon skeletons
  4 death knights
  5 rakshasas
  A shambling mangrove (Swamp:4)
  8 centaur warriors
  A merfolk aquamancer (Depths:5)
  2 tengu warriors
  4 alligators
  5 vampire magi
  5 dancing weapons
  38 two-headed ogres
  8 deep troll shamans
  4 deep troll earth magi
  24 hell hogs
  2 titan zombies
  Urug (Lair:5)
  7 naga sharpshooters
  A shock serpent (Snake:4)
  5 orc high priests
  2 spriggan berserkers
  15 soul eaters
  7 hell knights (Geh:5)
  52 sun demons
  16 deep elf knights
  4 shadow wraiths (Pan)
  19 skeletal warriors
  A titan skeleton (Geh:7)
  A fire crab (Lair:6)
  4 iron trolls
  A salamander mystic (Snake:4)
  4 ghost moth zombies
  17 deep trolls
  4 storm dragon skeletons
  6 torturous demonspawn (Pan)
  10 sixfirhies (Pan)
  A wretched star (Abyss:2)
  A golden dragon zombie (Geh:5)
  4 infernal demonspawn (Pan)
  8 cherubim (Pan)
  3 glowing orange brains (Pan)
  2 shadow demons (Pan)
  3 gelid demonspawn (Pan)
  A shadow dragon zombie (Geh:5)
  2 spectral hydras (Swamp:4)
  10 orc knights
  8 deep elf archers
  27 large abominations
  3 unseen horrors
  A swamp dragon (Swamp:4)
  6 wizards
  6 flayed ghosts
  4 phantasmal warriors
  An anaconda skeleton (Geh:6)
  2 harpies (Elf:1)
  4 golden dragon skeletons
  2 tengu zombies
  7 necromancers
  8 ironbrand convokers
  5 mana vipers
  3 naga ritualists
  2 wolf spiders
  An iron dragon zombie (Geh:5)
  A wolf spider zombie (D:14)
  38 deep elf magi
  A stone giant zombie (Geh:7)
  25 ugly things
  An orc sorcerer (D:13)
  5 frost giant zombies
  7 shining eyes
  A moth of wrath (Pan)
  A tengu skeleton (Vaults:4)
  2 manticores
  5 elephants
  A dire elephant zombie (Geh:6)
  5 salamanders
  A cyclops (shapeshifter) (Depths:3)
  A guardian serpent (shapeshifter) (Depths:3)
  2 shock serpent zombies
  3 frost giant skeletons
  A guardian serpent (Snake:4)
  4 cyclopes
  2 water nymphs (shapeshifter)
  14 black mambas
  4 centaur zombies
  2 stone giant skeletons
  26 naga magi
  5 rust devils
  8 vault sentinels
  2 fire giant skeletons
  15 smoke demons (Pan)
  6 spiny frogs
  2 eyes of devastation
  3 dire elephant skeletons
  4 molten gargoyles (Geh:7)
  2 shock serpent skeletons
  An apocalypse crab (Pan)
  A gargoyle (D:13)
  6 orange demons (Pan)
  A storm dragon simulacrum (Vaults:2)
  2 torpor snails (Lair:5)
  14 hellions
  A yaktaur zombie (Vaults:1)
  2 rime drakes
  3 centaur skeletons
  10 demonic crawlers
  An emperor scorpion zombie (Geh:4)
  3 spectral swamp worms (Depths:4)
  12 freezing wraiths
  3 swamp worm zombies (Swamp:4)
  41 yaktaurs
  8 ice devils
  10 efreet
  6 komodo dragons
  12 hellwings (Pan)
  11 tormentors
  2 catoblepas skeletons
  16 red devils
  A harpy zombie (Geh:5)
  8 hydra zombies
  6 trolls
  2 hornets
  2 harpy skeletons
  6 tyrant leeches
  A wind drake (Pan)
  6 raiju
  4 blink frogs (Abyss:2)
  2 ettin zombies
  6 dream sheep
  A hydra skeleton (Geh:5)
  2 hippogriffs
  43 slime creatures
  An ice dragon zombie (Geh:6)
  2 slime creatures (shapeshifter)
  3 bog bodies
  2 blink frogs (shapeshifter)
  2 spectral swamp dragons (Swamp:4)
  A stone giant simulacrum (Hell)
  5 ice dragon skeletons
  A black mamba zombie (Geh:4)
  55 flying skulls
  2 wyverns (Lair:6)
  3 redbacks (Vaults:5)
  A deep troll skeleton (Depths:1)
  18 wraiths
  2 spriggans (Depths:4)
  11 fire elementals
  23 yaks
  2 vampires
  10 shadows
  A dire elephant simulacrum (Abyss:2)
  4 ettin skeletons
  3 alligator skeletons
  11 ynoxinuls
  A black mamba skeleton (Tar:2)
  Grum (D:11)
  4 basilisks
  A hungry ghost (D:13)
  4 golden eyes (Pan)
  5 chaos spawn
  3 fire bats (Pan)
  17 neqoxecs
  5 water elementals
  2 vampire mosquitoes (Swamp:4)
  A steam dragon (Lair:6)
  7 wargs
  9 insubstantial wisps
  30 nagas
  4 water moccasins
  8 swamp worms
  2 spiny frog skeletons
  42 hell hounds
  3 snapping turtle zombies
  3 spiny frog zombies
  4 porcupines
  3 swamp drakes
  39 orc warriors
  6 phantoms
  A human zombie (Vaults:4)
  An ice dragon simulacrum (Depths:1)
  A sky beast (D:7)
  A black bear (D:9)
  6 ice beasts
  24 ogres
  3 boggarts
  7 necrophages
  3 eyes of draining
  A manticore zombie (Geh:6)
  4 swamp dragon zombies
  9 wolves
  A swamp dragon skeleton (Hell)
  12 centaurs
  3 crocodiles
  2 big kobolds (D:10)
  8 bullfrogs
  An elf zombie (Geh:3)
  A gnoll sergeant (D:8)
  3 earth elementals
  2 human skeletons
  7 battlemagi
  3 scorpions
  Dowan (D:7)
  A snapping turtle simulacrum (Abyss:3)
  37 wights
  25 nameless horrors
  A spriggan skeleton (Geh:7)
  A troll skeleton (Geh:7)
  5 howler monkeys
  9 starcursed masses
  5 crimson imps
  2 quasits
  3 bullfrog zombies
  4 hounds
  4 lava snakes (Lair:6)
  15 orc priests
  A bullfrog skeleton (D:4)
  6 iron imps
  An iguana (D:6)
  10 orc wizards
  11 worker ants
  8 small abominations
  A hound skeleton (D:4)
  A mummy (D:12)
  A worker ant zombie (D:10)
  6 adders
  7 gnolls
  A swamp drake zombie (Swamp:4)
  3 shadow imps
  An ooze (D:3)
  A worm (D:6)
  9 ball lightnings (Pan)
  A dart slug (D:4)
  3 leopard geckos
  69 orcs
  A giant cockroach (D:1)
  A goblin (D:3)
  A hobgoblin (D:2)
  8 jackals
  A quokka (D:12)
  2 kobolds
  A kobold zombie (Tar:2)
  An orc zombie (Geh:7)
  A quokka skeleton (D:9)
  A rat (D:2)
  A block of ice (Pan)
  2 crawling corpses (Elf:3)
  A plant (Lair:4)
2144 creatures vanquished.

Vanquished Creatures (others)
  139 eldritch tentacles
  A fire giant (Depths:3)
  An angel (Abyss:2)
  A war gargoyle (Vaults:1)
  A deep elf annihilator (Pan)
  A slime creature (D:14)
  3 green deaths (Pan)
  A rakshasa (Pan)
  2 naga warriors
  A spriggan air mage (Pan)
  4 two-headed ogres
  A death knight (Vaults:1)
  A sun demon (Geh:6)
  2 sixfirhies (Pan)
  A gelid demonspawn (Pan)
  A naga ritualist (Snake:4)
  A deep troll (Vaults:4)
  An anaconda zombie (Geh:4)
  A deep elf archer (Vaults:1)
  A wizard (Pan)
  A phantasmal warrior (Vaults:5)
  2 orc knights (Vaults:1)
  An anaconda skeleton (Geh:6)
  A cyclops (shapeshifter) (Vaults:5)
  A cyclops (D:13)
  A vault sentinel (Vaults:1)
  5 smoke demons (Pan)
  A yaktaur (Vaults:4)
  A tormentor (Pan)
  2 hellwings (Pan)
  5 hellions (Pan)
  A nameless horror (Geh:7)
  An alligator zombie (Swamp:4)
  A shadow (D:14)
  A ynoxinul (Pan)
  A fire dragon skeleton (Geh:5)
  A water elemental (Depths:3)
  A wraith (D:11)
  A naga (Snake:4)
  4 slaves (D:6)
  A boggart (Vaults:2)
  An ogre (D:6)
  A starcursed mass (Abyss:2)
  184 battlemagi
  An adder (D:6)
  71 ball lightnings (Pan)
  4 ancestors
  An orc zombie (Geh:5)
  6 blocks of ice (Pan)
  A briar patch (Pan)
  A fire vortex (Pan)
  2 fungi (Lair:6)
  4 plants
  2 starspawn tentacles (Abyss:2)
  4 tentacles (Abyss:3)
482 creatures vanquished.

Grand Total: 3431 creatures vanquished

Notes
Turn   | Place    | Note
-------+----------+-------------------------------------------
     0 | D:1      | Lavandula the Hill Orc Air Elementalist began the quest for
                  | the Orb.
     0 | D:1      | Reached XP level 1. HP: 14/14 MP: 3/3
   240 | D:1      | Reached XP level 2. HP: 15/20 MP: 1/4
   559 | D:2      | Found a faded altar of an unknown god.
   563 | D:2      | Reached skill level 1 in Maces & Flails
   578 | D:2      | Became a worshipper of Hepliaklqana the Forgotten
   578 | D:2      | Reached * piety under Hepliaklqana
   897 | D:2      | Reached XP level 3. HP: 18/23 MP: 2/5
  1665 | D:3      | Noticed a sky beast
  1710 | D:3      | Noticed a scorpion
  1710 | D:3      | a sky beast changed into a scorpion
  1787 | D:3      | Killed a scorpion
  1787 | D:3      | Reached XP level 4. HP: 29/29 MP: 0/6
  2051 | D:4      | Reached XP level 5. HP: 26/34 MP: 5/7
  2136 | D:4      | Learned a level 4 spell: Airstrike
  2182 | D:4      | Reached ** piety under Hepliaklqana
  2183 | D:4      | Remembered your ancestor Kheti as a battlemage
  2583 | D:4      | Found a staircase to the Ecumenical Temple.
  2808 | D:4      | Reached XP level 6. HP: 31/40 MP: 8/8
  2963 | D:5      | Entered Level 5 of the Dungeon
  3155 | D:5      | Reached skill level 5 in Air Magic
  3268 | D:5      | Noticed a phantom
  3281 | D:5      | Killed a phantom
  3281 | D:5      | Reached XP level 7. HP: 44/45 MP: 1/10
  3578 | D:5      | Noticed a hippogriff
  3601 | D:5      | Killed a hippogriff
  3601 | D:5      | Reached XP level 8. HP: 48/51 MP: 0/14
  3689 | D:5      | Noticed Prince Ribbit
  3713 | D:5      | Killed Prince Ribbit
  3713 | D:5      | Reached skill level 5 in Spellcasting
  3742 | D:5      | Reached skill level 1 in Short Blades
  3747 | D:5      | Reached *** piety under Hepliaklqana
  3800 | D:5      | Reached skill level 1 in Invocations
  3879 | D:6      | Noticed Pikel
  4028 | D:6      | Killed Pikel
  4028 | D:6      | Reached XP level 9. HP: 65/71 MP: 8/16
  4369 | D:6      | Found a hide-covered altar of Uskayaw.
  4658 | D:7      | Noticed Duvessa
  4658 | D:7      | Noticed Dowan
  4662 | D:7      | Killed Dowan
  4868 | D:7      | Reached skill level 5 in Dodging
  4888 | D:7      | Reached XP level 10. HP: 51/79 MP: 5/17
  5224 | D:7      | Noticed Menkaure
  5240 | D:7      | Killed Menkaure
  5255 | D:7      | Reached **** piety under Hepliaklqana
  5585 | D:10     | Entered Level 10 of the Dungeon
  5633 | D:9      | Found a shadowy altar of Dithmenos.
  5642 | D:9      | Reached skill level 5 in Short Blades
  5681 | D:9      | Found a staircase to the Lair.
  5756 | D:10     | Noticed a gargoyle
  5758 | D:10     | Killed a gargoyle
  5904 | D:9      | Reached XP level 11. HP: 52/84 MP: 9/18
  6046 | D:9      | Noticed Harold
  6062 | D:9      | Killed Harold
  6116 | D:9      | Learned a level 4 spell: Summon Lightning Spire
  6131 | D:9      | Reached ***** piety under Hepliaklqana
  6223 | D:9      | Found a roughly hewn altar of Beogh.
  6223 | D:9      | Found a staircase to the Orcish Mines.
  6281 | D:9      | Reached skill level 10 in Short Blades
  6360 | D:9      | Reached skill level 1 in Summonings
  6545 | Orc:1    | Entered Level 1 of the Orcish Mines
  6795 | Orc:2    | Entered Level 2 of the Orcish Mines
  6810 | Orc:2    | Found a frozen archway.
  6900 | IceCv    | Entered an ice cave
  6900 | IceCv    | Noticed a white ugly thing
  6912 | IceCv    | Found a transporter.
  6935 | IceCv    | Killed a white ugly thing
  7091 | IceCv    | Noticed a white ugly thing
  7106 | Orc:2    | Found a staircase to the Elven Halls.
  7232 | Orc:2    | Noticed a deep elf mage
  7232 | Orc:2    | Noticed a deep elf mage
  7232 | Orc:2    | Noticed a deep elf mage
  7246 | Orc:2    | Killed a deep elf mage
  7288 | Orc:2    | Killed a deep elf mage
  7290 | Orc:2    | Noticed a deep elf mage
  7314 | Orc:2    | Noticed a deep elf mage
  7441 | Orc:2    | Killed a deep elf mage
  7501 | Orc:2    | Killed a deep elf mage
  7553 | Orc:2    | Noticed a deep elf mage
  7561 | Orc:2    | Killed a deep elf mage
  7738 | Orc:2    | Learned a level 3 spell: Summon Guardian Golem
  7816 | Orc:2    | Noticed a deep elf mage
  7835 | Orc:2    | Killed a deep elf mage
  7858 | Orc:2    | Reached XP level 12. HP: 55/90 MP: 3/19
  8010 | Orc:1    | Noticed Snorg
  8018 | Orc:1    | Killed Snorg
  8041 | Orc:1    | Found Kaetyeb's Distillery.
  8385 | Orc:2    | Noticed an orc high priest
  8580 | Orc:2    | Killed an orc high priest
  8808 | Orc:2    | Noticed an orc high priest
  8841 | Orc:2    | Reached skill level 5 in Invocations
  8847 | Orc:2    | Killed an orc high priest
  8856 | Orc:2    | Noticed an orc high priest
  8859 | Orc:2    | Noticed a soul eater
  8866 | Orc:2    | Killed an orc high priest
  9055 | Orc:2    | Noticed an orc high priest
  9073 | Orc:2    | Killed an orc high priest
  9114 | Orc:2    | Noticed an orc high priest
  9119 | Orc:2    | Killed an orc high priest
  9263 | Orc:2    | Found Secizuwn's Antique Weapon Shop.
  9263 | Orc:2    | Found Ereirgh's Weapon Shop.
  9264 | Orc:2    | Found Rur Aclu's Book Boutique.
  9264 | Orc:2    | Found Dixeos's General Store.
  9274 | Orc:2    | Bought a scroll of noise for 16 gold pieces
  9278 | Orc:2    | Bought a book of Spatial Translocations for 975 gold pieces
  9278 | Orc:2    | Bought a book of Cantrips for 300 gold pieces
  9280 | Orc:2    | Learned a level 1 spell: Apportation
  9283 | Orc:2    | Learned a level 2 spell: Blink
  9286 | Orc:2    | Learned a level 2 spell: Shroud of Golubria
  9288 | Orc:2    | Bought a potion of haste for 160 gold pieces
  9288 | Orc:2    | Bought a scroll of magic mapping for 56 gold pieces
  9467 | Lair:1   | Entered Level 1 of the Lair of Beasts
  9550 | Lair:1   | Reached skill level 10 in Invocations
  9578 | Lair:1   | Got a shimmering dagger
  9600 | Lair:1   | Identified the +2 dagger "Killer Klown's Bane" {flame,
                  | Str+4 Dex-4} (You found it on level 1 of the Lair of
                  | Beasts)
  9745 | Lair:2   | Noticed a four-headed hydra
  9753 | Lair:2   | Killed a four-headed hydra
  9753 | Lair:2   | Reached XP level 13. HP: 73/96 MP: 3/22
 10075 | Lair:3   | You fall into a shaft and drop 2 floors!
 10130 | Lair:6   | Entered Level 6 of the Lair of Beasts
 10162 | Lair:5   | Reached skill level 5 in Stealth
 10426 | Lair:5   | Found a snail-covered altar of Cheibriados.
 10748 | Lair:4   | Reached skill level 1 in Translocations
 10903 | Lair:4   | Found a staircase to the Snake Pit.
 11251 | Lair:5   | Found a viscous altar of Jiyva.
 11252 | Lair:5   | Found a staircase to the Slime Pits.
 11412 | Lair:5   | Noticed Urug
 11429 | Lair:5   | Killed Urug
 11866 | Lair:6   | Reached skill level 5 in Translocations
 12028 | Lair:6   | Reached XP level 14. HP: 93/103 MP: 14/23
 12408 | Lair:6   | Found a large runed translucent door.
 12409 | Lair:6   | Found a large runed translucent door.
 12433 | Lair:6   | Reached skill level 10 in Fighting
 12875 | Lair:3   | Learned a level 3 spell: Ozocubu's Armour
 12911 | Lair:3   | Found a staircase to the Swamp.
 13172 | Swamp:1  | Entered Level 1 of the Swamp
 14342 | Swamp:2  | Learned a level 4 spell: Passage of Golubria
 14365 | Swamp:2  | Found a runed translucent gate.
 14366 | Swamp:2  | Found a runed translucent gate.
 14368 | Swamp:2  | Found a runed translucent gate.
 14369 | Swamp:2  | Noticed krystol's ghost (adept GnAr)
 14755 | Swamp:3  | Reached skill level 1 in Armour
 15208 | Swamp:4  | Entered Level 4 of the Swamp
 15503 | Swamp:4  | Reached skill level 5 in Armour
 16151 | Swamp:4  | Noticed a thorn hunter
 16234 | Swamp:4  | Killed a thorn hunter
 16388 | Swamp:4  | Reached skill level 1 in Charms
 16441 | Swamp:4  | Reached XP level 15. HP: 63/120 MP: 17/25
 16831 | Swamp:4  | Noticed a bone dragon
 18174 | Swamp:4  | Reached skill level 5 in Charms
 18530 | Swamp:4  | Got a decaying rune of Zot
 18893 | Orc:1    | Bought 2 potions of magic for 224 gold pieces
 18893 | Orc:1    | Bought 2 potions of brilliance for 112 gold pieces
 18893 | Orc:1    | Bought a potion of might for 56 gold pieces
 18893 | Orc:1    | Bought a potion of stabbing for 56 gold pieces
 18893 | Orc:1    | Bought a potion of haste for 140 gold pieces
 18893 | Orc:1    | Bought a potion of heal wounds for 70 gold pieces
 18893 | Orc:1    | Bought a potion of curing for 42 gold pieces
 19087 | Snake:1  | Entered Level 1 of the Snake Pit
 19122 | Snake:1  | Noticed a nagaraja
 19157 | Snake:1  | Killed a nagaraja
 19564 | Snake:2  | Found Oxaubb's Gadget Boutique.
 20128 | Snake:2  | Found a shimmering altar of Xom.
 20177 | Snake:2  | Found Nuzoo's Food Shoppe.
 20317 | Snake:2  | Found Ilumet's Distillery.
 20318 | Snake:2  | Found Coemas's Food Emporium.
 20342 | Snake:2  | Bought a potion of degeneration for 19 gold pieces
 20569 | Snake:3  | Reached skill level 1 in Evocations
 20573 | Snake:3  | Noticed Mara
 20591 | Snake:3  | Noticed Agnes
 20592 | Snake:3  | Noticed Lavandula's illusion
 21286 | Snake:3  | Reached skill level 5 in Evocations
 21581 | Snake:4  | Entered Level 4 of the Snake Pit
 21770 | Snake:3  | Noticed a nagaraja
 21923 | Snake:3  | Reached XP level 16. HP: 91/126 MP: 22/26
 22637 | Snake:4  | Noticed a nagaraja
 22648 | Snake:4  | Killed a nagaraja
 22649 | Snake:4  | Noticed a nagaraja
 23320 | Snake:4  | Reached skill level 5 in Summonings
 23541 | Snake:4  | Noticed a nagaraja
 23550 | Snake:4  | Killed a nagaraja
 23591 | Snake:4  | Noticed a nagaraja
 23616 | Snake:4  | Killed a nagaraja
 23732 | Snake:4  | Got a serpentine rune of Zot
 24058 | D:11     | Noticed Maurice
 24074 | D:11     | Killed Maurice
 24196 | D:11     | Noticed Grum
 24208 | D:11     | Killed Grum
 24208 | D:11     | Noticed Josephine
 24222 | D:11     | Killed Josephine
 24355 | D:11     | Got a faintly glowing sapphire amulet
 24357 | D:11     | Identified the amulet of Zif Defaz {Inacc MR+ Str+3} (You
                  | found it on level 11 of the Dungeon)
 24453 | D:12     | Noticed Jorgrun
 25452 | D:15     | Entered Level 15 of the Dungeon
 25452 | D:15     | Noticed Rupert
 25457 | D:15     | Killed Rupert
 25457 | D:15     | Reached skill level 10 in Summonings
 25470 | D:15     | Reached XP level 17. HP: 102/133 MP: 2/27
 25566 | D:14     | You fall into a shaft and drop 1 floor!
 25776 | D:14     | Reached skill level 1 in Ice Magic
 26513 | D:13     | Found a gate to the Vaults.
 26533 | D:13     | Reached skill level 5 in Ice Magic
 26547 | Vaults:1 | Entered Level 1 of the Vaults
 29107 | Vaults:1 | Reached XP level 18. HP: 106/143 MP: 23/28
 29759 | Vaults:1 | Reached skill level 1 in Polearms
 29977 | Vaults:1 | Reached skill level 5 in Polearms
 31331 | Vaults:2 | Reached skill level 10 in Polearms
 31468 | Vaults:2 | Noticed a lich
 31876 | Vaults:2 | Reached XP level 19. HP: 149/149 MP: 26/30
 32402 | Vaults:3 | Got a pitted leather armour
 32430 | Vaults:3 | Identified the +2 leather armour "Sefabb" {rElec MR+ rCorr}
                  | (You found it on level 3 of the Vaults)
 32622 | Vaults:3 | Found Uhafaob's Armour Shoppe.
 33477 | Vaults:4 | Reached skill level 1 in Shields
 33826 | Vaults:4 | Cast into level 2 of the Abyss (a deep elf sorcerer)
 34063 | Abyss:2  | Found a corrupted altar of Lugonu.
 34157 | Abyss:2  | Found a hide-covered altar of Uskayaw.
 34304 | Abyss:2  | Reached XP level 20. HP: 74/138 MP: 15/32
 34305 | Abyss:2  | Paralysed by accursed screaming for 1 turns
 34371 | Vaults:4 | Escaped the Abyss
 34373 | Vaults:4 | ._.
 35339 | Vaults:4 | Reached skill level 10 in Spellcasting
 36314 | Elf:1    | Entered Level 1 of the Elven Halls
 36933 | Elf:2    | Found a runed translucent gate.
 36933 | Elf:2    | Found a runed translucent gate.
 36933 | Elf:2    | Found a runed translucent gate.
 37056 | Elf:2    | Found a radiant altar of Vehumet.
 37112 | Elf:2    | Found Soxt's Armour Shop.
 37240 | Orc:2    | Bought a book of Summonings for 1050 gold pieces
 37247 | Orc:2    | Learned a level 6 spell: Shadow Creatures
 37701 | Elf:3    | Entered Level 3 of the Elven Halls
 38381 | Elf:2    | Reached XP level 21. HP: 117/162 MP: 17/35
 38869 | Elf:3    | Identified the cursed +1 war axe of Foul Odors {freeze,
                  | *Corrode rElec MR+ Int+9}
 38887 | Elf:3    | Identified the ring "Fialih" {rElec rPois MP+9 Str-4 Dex+4}
 39035 | Elf:3    | Reached skill level 10 in Dodging
 39155 | Elf:3    | Identified the amulet "Seofool" {Faith SInv}
 39519 | Orc:2    | Bought a book of Power for 720 gold pieces
 39780 | D:15     | Found a staircase to the Depths.
 39833 | Depths:1 | Entered Level 1 of the Depths
 40137 | Depths:1 | Noticed Louise
 40171 | Depths:1 | Cast into level 3 of the Abyss (Louise)
 40460 | Depths:1 | Escaped the Abyss
 40465 | Depths:1 | Killed Louise
 40470 | Depths:1 | Found a one-way gate to the infinite horrors of the Abyss.
 40715 | Depths:1 | Found Xucuxo's Antique Armour Shoppe.
 40920 | Depths:1 | Found a gateway to Hell.
 41245 | Depths:2 | Reached XP level 22. HP: 133/169 MP: 31/36
 41320 | Depths:2 | Found the +6 Majin-Bo {vamp, Archmagi MP+6 Int+6}
 41544 | Depths:2 | You fall into a shaft and drop 1 floor!
 41705 | Depths:2 | Reached skill level 5 in Conjurations
 41835 | Depths:3 | Found a one-way gate leading to the halls of Pandemonium.
 42198 | Depths:3 | Found a runed translucent door.
 42198 | Depths:3 | Noticed Enish's ghost (adept DDFi)
 42407 | Depths:3 | Identified the amulet "Weeplus" {Acrobat MR+ Dex+2}
 42665 | Depths:3 | Noticed a juggernaut
 42676 | Depths:3 | Killed a juggernaut
 42676 | Depths:3 | Reached skill level 10 in Conjurations
 43044 | Depths:4 | Noticed the Enchantress
 43063 | Depths:4 | Killed the Enchantress
 43528 | Depths:4 | Found a gateway to a ziggurat.
 43616 | Depths:5 | Entered Level 5 of the Depths
 43616 | Depths:5 | Noticed a golden dragon
 43828 | Depths:5 | Noticed Saint Roka
 43917 | Depths:5 | Killed Saint Roka
 43917 | Depths:5 | Reached skill level 15 in Summonings
 43917 | Depths:5 | Reached XP level 23. HP: 49/174 MP: 23/37
 43947 | Depths:5 | Learned a level 1 spell: Summon Butterflies
 43955 | Depths:5 | Learned a level 6 spell: Iron Shot
 43979 | Depths:5 | Paralysed by a floating eye for 3 turns
 44005 | Depths:5 | Killed a golden dragon
 44041 | Depths:5 | Noticed a juggernaut
 44056 | Depths:5 | Killed a juggernaut
 44097 | Depths:5 | Learned a level 7 spell: Spellforged Servitor
 44194 | Depths:5 | Found a gate to the Realm of Zot.
 44290 | Depths:5 | Found a burning altar of Makhleb.
 44371 | Depths:5 | Identified the cursed ring "Vumewull" {Str-4 Int-3 Dex+4}
                  | (You found it on level 5 of the Depths)
 44514 | Depths:5 | Identified the ring of Halainoh {rN+ Stlth+} (You found it
                  | on level 5 of the Depths)
 44576 | Depths:5 | Found a shimmering altar of Xom.
 44629 | Depths:5 | Identified the Reference Book on Summoning
 44640 | Depths:5 | Identified the ring of Traps {rElec Stlth+}
 45097 | Depths:4 | Identified the Reference Book on Black Magic and Curses
 45494 | Slime:1  | Entered Level 1 of the Pits of Slime
 45727 | Slime:5  | Entered Level 5 of the Pits of Slime
 46349 | Slime:5  | Found a viscous altar of Jiyva.
 46350 | Slime:5  | Noticed the Royal Jelly
 46484 | Slime:5  | Found the +3 salamander hide armour {+Rage rF++}
 46618 | Slime:5  | Killed the Royal Jelly
 46618 | Slime:5  | Reached XP level 24. HP: 181/181 MP: 23/41
 46657 | Slime:5  | Got a slimy rune of Zot
 46706 | Slime:5  | Identified the Tome of Doom
 46725 | Slime:5  | Identified the amulet "Kapabara" {Faith rPois} (You found
                  | it on level 5 of the Pits of Slime)
 46750 | Slime:5  | Identified a scroll of acquirement
 46790 | Slime:5  | Identified the ring "Cisath" {MR+++ Str-5 Int+5 Dex-5
                  | Stlth+} (You found it on level 5 of the Pits of Slime)
 46856 | Lair:5   | Upgraded the game from 0.25.0-11-g1f837a76a1 to
                  | 0.25.0-15-gac7dcb8919
 47266 | Vaults:5 | Entered Level 5 of the Vaults
 47288 | Vaults:5 | Noticed an ancient lich
 47408 | Vaults:5 | Noticed Jory
 47416 | Vaults:5 | Killed an ancient lich
 47427 | Vaults:5 | Killed Jory
 47506 | Vaults:5 | Reached skill level 15 in Spellcasting
 47653 | Vaults:5 | Identified the ring "Malijuli" {Str+6 Int+2}
 47664 | Vaults:5 | Noticed Boris
 47789 | Vaults:5 | Noticed a shard shrike
 47793 | Vaults:5 | Noticed a juggernaut
 47795 | Vaults:5 | Noticed a shard shrike
 47795 | Vaults:5 | a juggernaut changed into a shard shrike
 47800 | Vaults:5 | Killed a shard shrike
 47819 | Vaults:5 | Identified Sif Muna's Grimoire of Creative Darkness
 47944 | Vaults:5 | Learned a level 7 spell: Malign Gateway
 47944 | Vaults:5 | Noticed an ancient lich
 47961 | Vaults:5 | Killed an ancient lich
 48304 | Vaults:5 | Identified the amulet "Bicash" {Reflect Dex+4 SH+5}
 48505 | Vaults:5 | Identified the +8 long sword of the Pits of Slime {venom,
                  | Int+4}
 48514 | Vaults:5 | Reached XP level 25. HP: 177/188 MP: 19/43
 48660 | Vaults:5 | Killed Boris
 48942 | Vaults:5 | Identified the +5 scale mail of Mygeoll {Dex+3} (You found
                  | it on level 5 of the Vaults)
 48945 | Vaults:5 | Identified Sif Muna's Catalogue of Quantum Sinister Arts
 48948 | Vaults:5 | Got a silver rune of Zot
 49044 | Vaults:5 | Identified the +1 pair of gloves of Nihilism {rElec rPois
                  | Dex-4} (You found it on level 5 of the Vaults)
 49519 | Pan      | Entered Pandemonium
 50080 | Pan      | Learned a level 8 spell: Summon Horrible Things
 50152 | Pan      | Noticed Korya the pandemonium lord
 50265 | Pan      | rune
 50466 | Pan      | Gained mutation: Your mind is acute. (Int +2) [a cacodemon]
 50735 | Pan      | Noticed Cugo the pandemonium lord
 50754 | Pan      | Killed Cugo the pandemonium lord
 51123 | Pan      | Got a demonic rune of Zot
 51238 | Pan      | Entered the realm of Mnoleg.
 51363 | Pan      | Gained mutation: You sometimes yell uncontrollably at your
                  | foes. [a cacodemon]
 51443 | Pan      | Gained mutation: Scrolls take you a little longer to read.
                  | [mutagenic glow]
 51478 | Pan      | Lost mutation: You occasionally shout uncontrollably at
                  | your foes. [potion of mutation]
 51478 | Pan      | Lost mutation: Your mind is acute. (Int +2) [potion of
                  | mutation]
 51478 | Pan      | Lost mutation: Scrolls take you a little longer to read.
                  | [potion of mutation]
 51478 | Pan      | Gained mutation: You expend magic power (3 MP) to
                  | strengthen your wands. [potion of mutation]
 51478 | Pan      | Gained mutation: Your muscles are strong. (Str +2) [potion
                  | of mutation]
 51478 | Pan      | Gained mutation: You have large cloven feet. [potion of
                  | mutation]
 51624 | Pan      | Noticed Mnoleg
 52042 | Pan      | Got a glowing rune of Zot
 52090 | Pan      | Found an exit through the horrors of the Abyss.
 52218 | Pan      | Noticed Mnoleg
 52259 | Pan      | Killed Mnoleg
 52259 | Pan      | Reached XP level 26. HP: 120/194 MP: 13/45
 52491 | Pan      | Found an exit through the horrors of the Abyss.
 53131 | Pan      | Found an exit through the horrors of the Abyss.
 53150 | Pan      | Noticed Jecuen the pandemonium lord
 53216 | Pan      | Entered the realm of Cerebov.
 53503 | Pan      | Identified the +8 battleaxe of Wuepemaj {flame, +Blink rF+
                  | Int+4}
 53503 | Pan      | Identified the +12 crystal plate armour of Action {rC+
                  | Stlth+}
 53503 | Pan      | Identified the ring of Xixaivaet {*Tele rPois Str+6}
 53513 | Pan      | Identified the ring "Wucen" {rN+ rCorr Str-5 Stlth+}
 53612 | Pan      | Identified the +6 sword of Cerebov {flame}
 53612 | Pan      | Noticed Cerebov
 53911 | Pan      | Got a fiery rune of Zot
 53915 | Pan      | Identified the +2 cloak "Zoschaf Meisy" {Int+2} (You found
                  | it in Pandemonium)
 54519 | Pan      | Identified the cursed +2 mace of the Realm of Zot {holy,
                  | SInv}
 54519 | Pan      | Identified the cursed +1 shortbow "Xownargh" {venom, +Blink
                  | rC+ SInv}
 54522 | Pan      | Noticed a seraph
 54535 | Pan      | Upgraded the game from 0.25.0-15-gac7dcb8919 to
                  | 0.25.0-26-g0c896c7088
 54650 | Pan      | Killed a seraph
 54741 | Pan      | Found a glowing golden altar of the Shining One.
 54758 | Depths:3 | Escaped Pandemonium
 54774 | Pan      | Entered the realm of Gloorx Vloq.
 54774 | Pan      | Entered Pandemonium
 55924 | Pan      | Got a dark rune of Zot
 55954 | Pan      | Reached XP level 27. HP: 126/200 MP: 41/47
 55982 | Pan      | Found an exit through the horrors of the Abyss.
 55986 | Pan      | Entered the realm of Lom Lobon.
 56350 | Pan      | Noticed Lom Lobon
 56525 | Pan      | Identified the +6 sword of Cerebov {flame}
 56525 | Pan      | Noticed Cerebov
 56718 | Pan      | Got a magical rune of Zot
 56923 | Pan      | Noticed Lom Lobon
 57028 | Pan      | Noticed Momomuol the pandemonium lord
 57047 | Pan      | Killed Momomuol the pandemonium lord
 57088 | Depths:3 | Escaped Pandemonium
 57165 | Depths:3 | Killed Enish's ghost
 57242 | Hell     | Entered the Vestibule of Hell
 57246 | Hell     | Noticed Geryon
 57257 | Hell     | Killed Geryon
 57538 | Hell     | Noticed Murray
 57836 | Depths:3 | Killed Murray
 57953 | Hell     | Reached skill level 15 in Fighting
 57972 | Hell     | Found a gateway to the ashen valley of Gehenna.
 58001 | Geh:1    | Entered Level 1 of Gehenna
 59491 | Geh:7    | Entered Level 7 of Gehenna
 60055 | Geh:7    | What's up with the torment toda
 60363 | Geh:7    | Identified the Compendium of Displaced Attacks
 60486 | Geh:7    | wtf
 60489 | Geh:7    | WHY
 61430 | Geh:7    | Identified the +7 sceptre of Asmodeus
 61430 | Geh:7    | Noticed Asmodeus
 61448 | Geh:7    | Banished Asmodeus
 61449 | Geh:7    | lol
 61507 | Geh:7    | Got an obsidian rune of Zot
 61668 | Hell     | Learned a level 8 spell: Infestation
 61692 | Hell     | Found a gateway to the decaying netherworld of Tartarus.
 61700 | Hell     | Reached skill level 1 in Necromancy
 61749 | Tar:1    | Entered Level 1 of Tartarus
 61971 | Tar:2    | Reached skill level 5 in Necromancy
 62096 | Tar:2    | Killed from afar by a hellion

Illustrated notes ######....#....###..##.......# #....#.#### ...#ee.....## #....#...# ####.#W......'. #....##..###..pOp.(.....# #....##..[.#..#(#.......# #...^###...#[##)#.o.....# #.... ###....e.#.......# ... #####(###.......# .... #≈≈@([≈≈#.......# ..... #≈≈..[≈≈#.......# ......#.e.....#.O.....# ......'.......#.......# ......#.......# ......#≈≈...≈≈# ..... #≈≈...≈≈# .... ###+##### .. Turn 34373 on Vaults:4: ._. .. ... #... #.... #### #...##..# #......# #6.....## #..##....# #.. ##..@# #6. ##...# .6 ##..§§ . ##.§§≈≈ #§§≈≈.2 .§≈≈≈. ..§§§§ ..§§§§ Turn 50265 on Pan: rune ****************####*≈≈≈≈§§§§≈≈§§ ******* #######z§§≈§3≈≈≈≈# *,,.,,* ##....###≈≈≈z≈≈≈≈## ****,,...######^.....##≈z3≈≈≈§##. ,,,,,,#1.....#X.#..#..#########.. ,,,,,**#...*.'XX......+...R8..'.. ,,,,,,#....§§#XR#..#..#########.† ****,,...######XX....##≈§≈§≈≈§#.. *,,1,,* ##@...###≈≈§≈≈≈≈### ******* #######≈≈§§≈≈≈≈≈≈≈ ****************####*≈≈≈≈§§§≈≈≈≈≈ ≈≈≈≈≈≈≈≈≈≈≈≈≈≈≈§≈≈≈≈≈§≈≈§≈≈≈§§§§≈ ≈≈≈≈≈≈≈≈≈≈≈≈≈≈≈§§≈≈≈≈≈§≈§≈≈≈§≈§§§ ≈≈≈≈≈≈≈≈≈≈≈≈≈≈##########≈≈≈≈≈≈≈≈≈ ≈≈≈≈≈≈≈≈≈≈≈≈≈≈≈≈≈#######≈≈≈≈≈≈≈≈≈ Turn 60055 on Geh:7: What's up with the torment toda

*****≈≈≈≈≈≈≈≈≈≈≈≈≈≈≈≈*,8,*≈≈≈≈≈≈≈
,,,,*≈≈≈≈≈≈≈≈v§≈≈≈≈≈≈*,,,*≈≈≈≈≈≈≈
,,,,*≈≈≈≈≈≈≈≈≈≈§§≈≈§≈*,,,*≈≈≈≈≈≈≈
**,,*≈≈≈≈≈≈≈≈≈≈≈≈≈≈≈≈*,8,*≈≈≈≈≈≈≈
**,,*≈≈≈≈≈≈≈≈≈≈§W§≈≈≈*,,,*≈≈≈≈≈≈≈
,,,,*≈≈☼≈≈≈≈≈**#33#####'####*≈≈**
,,,,#§≈§§≈≈§§*#####..C.....,#****
,,###§§≈≈≈§§§##?.X#h.#.Z.#,.#.,,*
..#§§§≈≈≈≈≈≈§3#X@X22.#..1#..'.,,*
..#≈≈§≈v≈≈≈§§E#[XX#..X1....2#,,,*
..#≈≈≈≈≈≈§≈§§*#########†#########
.w#W≈≈≈≈§§≈≈≈##########.....R....
│.############....)...##########R
│.^#.........+.)#..#...........#.
.*.+..8.8^8..#........#..#..#..'.
...#.........'...*.............'.
...)..8)8.8..#........#..#..#..'X


Turn 60486 on Geh:7: wtf ******≈≈≈≈≈≈≈≈≈≈≈≈≈≈≈≈*,8,*≈≈≈≈≈≈
,,,,,*≈≈≈≈≈≈≈≈v§≈≈§§≈≈#,,,*≈≈≈≈≈≈ ,,,,,*≈≈≈≈≈≈≈≈≈≈§§§§≈≈*,,,*≈≈≈≈≈≈
,**,,*≈≈≈≈≈≈≈≈≈≈≈≈≈≈§≈*,8,*≈≈≈≈≈≈ ,**,,*≈≈≈≈≈≈≈≈≈≈§≈≈≈≈≈*,,,*≈≈≈≈≈≈
,,,,,*≈≈☼§≈≈≈≈**#33#####'####*≈≈* ,,,,,#§≈§§≈≈§§*#####........,#***
#,,###§§≈≈≈≈≈≈##?.X#C.#.Z.#,.#.,, #..#§§§≈≈≈≈≈≈≈3#@X.2h.#..1#..'.,,
#..#≈≈§≈v§≈≈≈≈E#[.X#..X2....2#,,, #..#≈≈≈≈≈≈≈≈≈≈*#########†########
#.w#W≈≈≈≈§≈≈≈≈##########.....R... #│.############....)...##########
#│.^#.........+.)#..#...........# #.*.+..8.8^8..#........#..#..#..'
....#.........'...*.............' #...)..8)8.8..#........#..#..#..' Turn 60489
on Geh:7: WHY §§§≈≈§§≈≈§≈≈≈≈≈≈§≈≈≈≈≈≈§≈≈≈≈≈≈≈≈≈
§§§§§§≈≈≈§≈≈≈≈≈≈§§≈§§≈≈§§§§§§§W≈≈ ###≈§≈§§≈§§§≈≈≈≈≈≈§≈§§≈§§§§§≈§§≈≈
####§§§§≈§≈≈#######§≈≈§§§§####### ...#≈§§≈§####.....#≈≈§§§≈≈#.....#
&☼.##§≈≈≈#..#.....#########.).(.# #☼°○######wR'.....'.......'.:.:.#
##○°○○.○☼§○\#Λ....'.......'..[..# #...######§.V.*8@.####'####.....#
.^.##≈≈≈≈#..#.....#..)....#...).# ...#≈≈≈≈≈####.....#.......#.....#
####§≈≈≈≈v§≈#.....#...#)..#.....# ###§§≈§v≈≈≈≈#######..###..#######
§≈§≈≈≈≈≈≈≈≈≈≈≈§§≈≈#...#...#≈§≈§≈≈ ≈§≈≈≈≈≈v≈≈≈≈≈≈3≈≈≈#.......#§≈§v§≈
≈≈§≈≈≈≈≈≈≈≈≈≈≈≈≈§§#...)...#≈≈≈§§§ ≈≈≈≈≈≈≈≈≈≈≈≈≈≈≈§§≈####'####≈≈≈≈§≈ Turn 61449
on Geh:7: lol

Levels and vault maps discovered:
D:1:      dpeg_arrival_windows_large_door, layout_loops_cross
D:2:      wad_lake_hut, layout_basic, chequers_ecumenical_altar_simple,
          first_ration, minmay_tetromino_i4, uniq_natasha
D:3:      cheibrodos_helix_gallery, layout_basic
D:4:      layout_basic, minmay_temple_entry_drinking_statues, minivault_23
D:5:      layout_loops_ring, minmay_misc_feat_square, uniq_prince_ribbit1
D:6:      layout_gridville, basic_altar, uniq_pikel
D:7:      layout_cave_pods, nemelex_lonely_heart_becter, uniq_duvessa,
          uniq_menkaure
D:8:      layout_loops_ring
D:9:      statuecave_lemuel, layout_basic, kennysheep_mini,
          minmay_lair_entry_grove, david_orc_5, hangedman_minor_magic,
          uniq_harold
D:10:     layout_roguey, hangedman_ranch [blue_anna_fruit_fields], minivault_25,
          minmay_variable_closet
D:11:     layout_big_octagon, uniq_maurice, uniq_grum, uniq_josephine
D:12:     layout_loops_ring, serial_undead, serial_undead_f, serial_undead_f,
          serial_undead_a, serial_undead_e, serial_undead_f, uniq_jorgrun
D:13:     layout_loops_ring, grunt_vaults_entry_fortified,
          nrook_guardian_serpent_ordinary
D:14:     layout_cave_pools
D:15:     grunt_enter_depths_hoard, layout_cave_pools, grunt_decor_fettered,
          basic_altar, uniq_rupert
Lair:1:   layout_gridlike
Lair:2:   layout_regular_city
Lair:3:   dpeg_oklob_gauntlet, layout_small_grid, swamp_mist
Lair:4:   layout_big_grid, guppyfry_snake_entry_garden, serial_bayou_lagoon_a
Lair:5:   layout_loops_ring, slime_altar_1, hangedman_lair_unloving_vines,
          kennysheep_snail_temple, uniq_urug
Lair:6:   cheibrodos_lair_end_hotspot, layout_hall_layers
Swamp:1:  layout_basic_swamp, evilmike_swamp_ruin_house_2, swamp_pool4,
          infiniplex_staircase_pool_2, uniq_roxanne
Swamp:2:  layout_basic_swamp, gammafunk_ghost_split, hangedman_swamp_pad,
          swamp_pool2, water_boxes_lemuel, uniq_frances
Swamp:3:  layout_basic_swamp, evilmike_swamp_ruin_house_3, swamp_pool1
Swamp:4:  swamp_pestilence, layout_basic_swamp
Snake:1:  layout_chambers, uniq_aizul
Snake:2:  layout_grid_maze, serial_shops, shop, shop, shop,
          nicolae_shop_temple_entry_statues_fountains, basic_altar
Snake:3:  layout_grid_maze, uniq_vashnia, uniq_mara, uniq_agnes
Snake:4:  snake_pit, layout_cave_town
Slime:1:  layout_caves
Slime:2:  layout_caves
Slime:3:  layout_caves
Slime:4:  cheibrodos_slime_lost_civilization_10, layout_caves
Slime:5
Orc:1:    layout_caves, serial_shops, shop_fountains, uniq_snorg, uniq_erica
Orc:2:    st_orc_pillars, layout_caves, portal_ice_cave_demonic_guard,
          elves_outpost_lemuel
Elf:1:    minmay_elf_arrival_summoners, layout_gridlike, special_room
          [special_room_mythical_zoo], serial_corexii_hall,
          corexii_hall_statues_x, chequers_hall_statues_wall_a,
          corexii_hall_statues_i, corexii_hall_statues_l, basic_altar,
          minmay_elf_demonology
Elf:2:    layout_geoelf_diagonals, basic_altar, serial_shops,
          nicolae_shop_behind_doors
Elf:3:    minmay_elf_hall_dome, layout_geoelf_diagonals, minivault_13
Vaults:1: vaults_dpeg_spiral, v_pattern_4,
          nicolae_vaults_windows_and_doors_thing, v_rooms_6,
          nicolae_vaults_mini_display_case, hangedman_vaults_stream, v_misc_1,
          v_alt_pattern_4, dpeg_vaults_pockets_of_resistance,
          vaults_room_ringed_pool, ontoclasm_vaults_ring_small,
          vaults_room_fancy_cross, nicolae_vaults_circle_grid_a,
          nicolae_vaults_shelves_hall, ontoclasm_vaults_misaligned,
          layout_vaults_maze
Vaults:2: minmay_crypt_entry_simple_sparse, ontoclasm_vaults_misaligned,
          ontoclasm_vaults_misaligned, nicolae_vaults_stairing_the_circle,
          v_misc_22, vaults_room_fours, nicolae_vaults_display_case,
          vaults_room_hallway, ontoclasm_vaults_shuriken,
          ontoclasm_vaults_ligature, v_misc_10, v_alt_pattern_2,
          layout_vaults_omnibox
Vaults:3: dpeg_vaults_monster_box, ontoclasm_vaults_pinch,
          ontoclasm_vaults_spin, nicolae_vaults_little_squares_2,
          ontoclasm_vaults_chip, layout_vaults_omnigrid
Vaults:4: vaults_dpeg_ring, hangedman_vaults_capsules,
          nicolae_vaults_yaktaur_gun_rack, ontoclasm_vaults_idyll,
          vaults_mumra_minichess, v_rooms_2, hangedman_vaults_nodes,
          v_alt_pattern_2, vaults_room_pools, vaults_room_fancy_cross,
          v_misc_25, vaults_room_fancy_cross, v_misc_17, layout_vaults_big_room
Vaults:5: serial_shops, uniq_jory, uniq_boris
Depths:1: layout_gridlike, nicolae_abyss_entry_one_way_or_another, hellmouth_1,
          nicolae_lava_and_water, serial_shops, nicolae_shop_trees,
          interstate_on_off, grunt_ministairs_15, hex_medium,
          kennysheep_generic_room_7, firewood_loft
Depths:2: minmay_guarded_unrand_majin_bo, layout_basic, abyss_entry,
          grunt_hell_entry_dis_mu, rand_demon_pan_entry_9,
          ebering_dispersal_statue_hall
Depths:3: minmay_concentric_multi, layout_cave_pools,
          ebering_ghost_reflecting_pool, grunt_hell_horde, pan_entry,
          abyss_entry, lemuel_freeze_loot_1
Depths:4: cheibrodos_quadrivalence, layout_cave_shapes, enter_ziggurat_c,
          rand_demon_pan_entry_4, pf_hell_entry_tar_river, abyss_entry,
          minmay_staircase_statues_hall_small, uniq_enchantress
Depths:5: hangedman_spin_cycle, hell_entry
Hell
Geh:1:    layout_gehenna_lava_caves, lemuel_hellion_isle
Geh:2:    layout_gehenna_lava_caves
Geh:3:    layout_gehenna_lava_caves, lemuel_flamethrower_2
Geh:4:    layout_gehenna_pools_triple
Geh:5:    layout_gehenna_pools_box
Geh:6:    layout_gehenna_pools_basic
Geh:7:    evilmike_geh
Tar:1:    layout_honeycomb
Tar:2:    layout_cathedral_of_symmetry

Skill      XL: |  1  2  3  4  5  6  7  8  9 10 11 12 13 14 15 16 17 18 19 20 21 22 23 24 25 26 27 |
---------------+----------------------------------------------------------------------------------+-----
Conjurations   | 2 3 11 | 11.4
Maces & Flails | 1 4 |  4.0
Air Magic      | 4 5 7 9 |  9.0
Spellcasting   | 2 4 5 6 7 8 10 14 16 18 20 | 20.0
Short Blades   | 1 8 10 | 10.0
Invocations    | 3 10 11 | 11.9
Fighting       | 7 8 12 13 20 | 20.4
Dodging        | 5 6 9 12 | 12.4
Summonings     | 4 10 12 13 15 17 18 | 18.4
Stealth        | 7 9 |  9.0
Translocations | 6 |  6.2
Armour         | 6 |  6.4
Charms         | 1 5 |  5.0
Evocations     | 6 9 |  9.8
Ice Magic      | 9 |  9.1
Polearms       | 11 13 14 | 14.0
Shields        | 4 |  4.0
Necromancy     | 5 |  5.4

Action                   |  1- 3 |  4- 6 |  7- 9 | 10-12 | 13-15 | 16-18 | 19-21 | 22-24 | 25-27 || total
-------------------------+-------+-------+-------+-------+-------+-------+-------+-------+-------++-------
Melee: Short sword       |     5 |       |       |       |       |       |       |       |       ||     5
       Unarmed           |     3 |       |       |       |       |       |       |       |       ||     3
       Whip              |    35 |    30 |       |       |       |       |       |       |       ||    65
       Dagger            |       |     7 |    94 |   254 |   654 |   369 |    13 |       |       ||  1391
       Staff             |       |       |       |       |     5 |    13 |     1 |     2 |    29 ||    50
       Demon trident     |       |       |       |       |       |   271 |  1171 |   640 |    90 ||  2172
       Quick blade       |       |       |       |       |       |       |       |   327 |    26 ||   353
Throw: Javelin           |     5 |     8 |     3 |     3 |     5 |     8 |     1 |     1 |       ||    34
       Throwing net      |       |       |       |     1 |     1 |     1 |       |       |       ||     3
 Cast: Shock             |    58 |    71 |    53 |    96 |    22 |    61 |     6 |     1 |       ||   368
       Airstrike         |       |     1 |    13 |    34 |    87 |   195 |   186 |   146 |   131 ||   793
       Summon Lightning  |       |       |       |    58 |   122 |   187 |    48 |    18 |       ||   433
       Summon Guardian G |       |       |       |     5 |    38 |   106 |    17 |     5 |     3 ||   174
       Apportation       |       |       |       |       |    38 |    29 |    55 |    23 |   138 ||   283
       Shroud of Golubri |       |       |       |       |    15 |    16 |     8 |    10 |     7 ||    56
       Blink             |       |       |       |       |    20 |    34 |    32 |    23 |    54 ||   163
       Ozocubu's Armour  |       |       |       |       |    10 |    22 |    17 |    27 |    35 ||   111
       Passage of Golubr |       |       |       |       |    12 |    15 |    14 |    12 |    40 ||    93
       Shadow Creatures  |       |       |       |       |       |       |    11 |    75 |     7 ||    93
       Spellforged Servi |       |       |       |       |       |       |       |    58 |   122 ||   180
       Iron Shot         |       |       |       |       |       |       |       |     2 |    10 ||    12
       Malign Gateway    |       |       |       |       |       |       |       |     3 |   146 ||   149
       Summon Horrible T |       |       |       |       |       |       |       |       |   150 ||   150
       Summon Butterflie |       |       |       |       |       |       |       |       |     2 ||     2
Invok: Recall Ancestor   |     1 |       |       |     3 |    13 |    30 |    12 |    12 |    22 ||    93
       Ancestor Life: Ba |       |     1 |       |       |       |       |       |       |       ||     1
       Transference      |       |       |       |     2 |       |       |       |     1 |       ||     3
       Idealise          |       |       |       |       |    15 |    12 |    13 |    13 |    13 ||    66
Evoke: Wand              |     5 |       |       |    11 |    22 |    13 |     6 |     6 |    19 ||    82
       Phial of floods   |       |       |       |       |     3 |     5 |       |     3 |       ||    11
       Staff of energy   |       |       |       |       |    20 |   515 |   164 |   280 |   937 ||  1916
       Phantom mirror    |       |       |       |       |     1 |       |       |     2 |     1 ||     4
       Box of beasts     |       |       |       |       |       |       |       |     1 |     1 ||     2
       Tin of tremorston |       |       |       |       |       |       |       |       |     1 ||     1
  Use: Scroll            |       |     7 |     2 |       |    13 |    22 |    17 |    16 |    22 ||    99
       Potion            |       |       |       |     1 |     4 |     2 |     3 |     9 |    24 ||    43
 Stab: Distracted        |       |       |     1 |     6 |    11 |    14 |    16 |    28 |     2 ||    78
       Sleeping          |       |       |       |     1 |    10 |     5 |    11 |    26 |       ||    53
       Held in net/web   |       |       |       |     1 |       |       |       |       |       ||     1
       Confused          |       |       |       |       |     1 |       |       |       |       ||     1
       Paralysed         |       |       |       |       |       |    11 |       |     2 |       ||    13
       Invisible         |       |       |       |       |       |       |     3 |     6 |       ||     9
  Eat: Chunk             |     2 |     5 |     9 |    27 |    36 |    30 |    34 |    31 |    16 ||   190
       Ration            |     1 |       |       |     1 |     9 |    12 |     4 |     8 |    23 ||    58
Armor: Robe              |    11 |     8 |    20 |    17 |    58 |    61 |       |       |       ||   175
       Troll leather arm |       |       |       |       |       |    37 |   148 |   128 |   237 ||   550
Dodge: Dodged            |    50 |    31 |   100 |   155 |   395 |   518 |   627 |   487 |   807 ||  3170
Block: Other             |     7 |    10 |    25 |    46 |   100 |    46 |       |       |       ||   234
       Reflection        |     2 |     1 |     2 |     3 |     6 |     4 |     7 |    11 |       ||    36
       Buckler           |       |       |       |       |       |       |   220 |   226 |   186 ||   632
